 Dungeon Crawl Stone Soup version 0.29-a0-350-g7790a0e70a (webtiles) character file.

Game seed: 7774103814747607012

1288 zeratav the Destroyer (level 8, -7/46 HPs)
             Began as an Octopode Conjurer on Apr 22, 2022.
             Was an Initiate of Sif Muna.
             Succumbed to a gnoll sergeant's poison
             ... on level 5 of the Dungeon.
             The game lasted 00:12:23 (6656 turns).

zeratav the Destroyer (Octopode Conjurer)           Turns: 6656, Time: 00:12:23

Health: -7/46      AC:  1    Str:  6    XL:     8   Next: 55%
Magic:  7/15       EV: 13    Int: 29    God:    Sif Muna [......]
Gold:   249        SH:  0    Dex: 16    Spells: 8/17 levels left

rFire   . . .      SeeInvis .   e - +1 whip (elec) {mace}
rCold   . . .      Faith    .   (no shield)
rNeg    . . .      Spirit   .   (helmet restricted)
rPois   .          Reflect  .   (no amulet)
rElec   .          Harm     .   i - +6 ring of dexterity
rCorr   .          Rampage  .   l - +6 ring of intelligence
Will    .....                   (no ring)
Stlth   +++.......              (no ring)
HPRegen 0.15/turn               (no ring)
MPRegen 0.14/turn               (no ring)
                                (no ring)
                                (no ring)

@: lethally poisoned (-7 -> -52)
A: almost no armour, amphibious, 8 rings, camouflage 1, gelatinous body 1,
(nimble swimmer 1), tentacles
a: Renounce Religion


You were on level 5 of the Dungeon.
You worshipped Sif Muna.
Sif Muna was noncommittal.
You visited 2 branches of the dungeon, and saw 6 of its levels.

You collected 249 gold pieces.


Innate Abilities, Weirdness & Mutations

You cannot wear most types of armour.
You are amphibious.
You can wear up to eight rings at the same time.
Your skin changes colour to match your surroundings (Stealth+).
Your rubbery body absorbs attacks. (AC +1, EV +1)
((You are camouflaged when in or above water. (Stealth+)))
You have tentacles for arms and can constrict up to eight enemies at once.


   Skills:
 - Level 2.0 Dodging
 - Level 2.6 Stealth
 - Level 5.0 Spellcasting
 * Level 8.7 Conjurations
 - Level 4.0 Translocations


You had 8 spell levels left.
You knew the following spells:

 Your Spells              Type           Power      Damage    Failure   Level
a - Magic Dart            Conj           100%       1d8       1%          1
b - Searing Ray           Conj           100%       2d8       1%          2
c - Iskenderun's Mystic   Conj/Tloc      44%        2d10      4%          4
d - Blink                 Tloc           60%        N/A       1%          2

Your spell library contained the following spells:

 Spells                   Type           Power      Damage    Failure   Level
 Dazzling Flash           Conj/Hex       64%        N/A       3%          3
 Lesser Beckoning         Tloc           30%        N/A       3%          3
 Fulminant Prism          Conj/Hex       16%        3d11      11%         4
 Confusing Touch          Hex            7%         N/A       19%         3
 Manifold Assault         Tloc           30%        N/A       32%         5
 Yara's Violent Unravell  Hex/Tmut       3%         3d4       86%         5
 Enfeeble                 Hex            3%         N/A       100%        7

Inventory:

Hand Weapons
 e - a +1 whip of electrocution (weapon) {mace}
   (You took it off a kobold on level 3 of the Dungeon)
 j - the +5 falchion of the Endless Expanse {freeze, rElec Int-4 SInv, long}
   (You found it on level 3 of the Dungeon)

   It freezes those it strikes, dealing additional cold damage.
   It can also slow down cold-blooded creatures.
   Int:       It affects your intelligence (-4).
   rElec:     It insulates you from electricity.
   SInv:      It lets you see invisible.
 r - the +8 short sword "Kuakk" {venom, +Blink Will+ Int+3, short}
   (You found it on level 4 of the Dungeon)

   It poisons the flesh of those it strikes.
   Int:       It affects your intelligence (+3).
   +Blink:    It lets you blink.
   Will:      It increases your willpower.
Magical Staves
 h - a staff of earth {staff}
   (You found it on level 1 of the Dungeon)
Jewellery
 i - a +6 ring of dexterity (left tentacle)
   (You found it on level 3 of the Dungeon)
 l - a +6 ring of intelligence (right tentacle)
   (You found it on level 3 of the Dungeon)
Wands
 c - a wand of acid (6)
   (You found it on level 3 of the Dungeon)
 f - a wand of digging (5)
   (You found it on level 4 of the Dungeon)
 m - a wand of polymorph (7)
   (You found it on level 2 of the Dungeon)
Scrolls
 k - 2 scrolls of enchant armour
 o - a scroll of fog
 q - 2 scrolls of teleportation {@r4}
 s - a scroll of brand weapon {unknown}
 t - a scroll of enchant weapon
Potions
 a - a potion of magic
 b - 2 potions of lignification {unknown}
 d - a potion of heal wounds {unknown}
 g - a potion of cancellation {unknown}
 n - a potion of might {unknown}
 p - 2 potions of degeneration {unknown}

Dungeon Overview and Level Annotations

Branches:
Dungeon (5/15)             Temple (1/1) D:5

Altars:
Ashenzari
Cheibriados
Dithmenos
Elyvilon
Fedhas
Gozag
Hepliaklqana
Kikubaaqudgha
Makhleb
Okawaru
Qazlal
Ru
Sif Muna
Trog
Uskayaw
Yredelemnul
Zin

Shops:
D:2 (

Annotations:
D:5 Grum

........##..##..##
........)####...#
..........##....#
##.............#
##.............######
##..................#
.##...#.............#
.....##.............#
####.#..........@...#
..........###'g##...#
...##.)..##⌠....##..#
...#.[...##.. ..##..#
...#)....### #..#
#.<...#..# #..#
##...###.## ##.##
#........## ##..#
#...#.....#####...#


You could see a gnoll sergeant.


Message History

The magic dart hits the gnoll.
The gnoll hits you from afar with a +0 spear!
HP[-7]
You take 7 damage, and now have 39/46 hp.
The magic dart hits the gnoll.
You kill the gnoll!
Sif Muna accepts your kill.
MP[-1]
You lost 1 mp, and now have 11/15 mp.
g - a fuming sapphire potion;
s - a scroll labelled BYTWOE YTAD
Items here: ) [[ ÷ †.
HP[+7] MP[+4]
Your hp is fully restored (46).
Your mp is fully restored (15).
t - a scroll of enchant weapon
Things that are here:
a +0 spear {polearm}; a +0 whip {mace}; a +0 robe You now have 239 gold pieces (gained 10).
Things that are here:
a +0 halberd {polearm}; a gnoll corpse
Things that are here:
a +0 halberd {polearm}; a gnoll corpse A gnoll comes into view.
It is wielding a +0 spear.
The magic dart hits the gnoll but does no damage.
MP[-1]
You lost 1 mp, and now have 14/15 mp.
You can't see any susceptible monsters within range! (Use Z to cast anyway.)
You can't see any susceptible monsters within range! (Use Z to cast anyway.)
A gnoll is nearby!
The magic dart hits the gnoll but does no damage.
MP[-1]
You lost 1 mp, and now have 13/15 mp.
The magic dart hits the gnoll!
MP[-1]
You lost 1 mp, and now have 12/15 mp.
The magic dart hits the gnoll!
You kill the gnoll!
Sif Muna accepts your kill.
MP[-1]
You lost 1 mp, and now have 11/15 mp.
You can't see any susceptible monsters within range! (Use Z to cast anyway.)
You can't see any susceptible monsters within range! (Use Z to cast anyway.)
Things that are here:
a +0 spear {polearm}; a +0 leather armour; a gnoll corpse MP[+4]
Your mp is fully restored (15).
Things that are here:
a +0 leather armour; a +0 hand axe {axe} You now have 249 gold pieces (gained 10).
You see here a +0 halberd {polearm}.
A hound comes into view.
A hound is nearby!
The magic dart hits the hound.
The hound barks!
MP[-1]
You lost 1 mp, and now have 14/15 mp.
The magic dart hits the hound.
MP[-1]
You lost 1 mp, and now have 13/15 mp.
The magic dart hits the hound.
The hound closely misses you.
MP[-1]
You lost 1 mp, and now have 12/15 mp.
The magic dart hits the hound.
You kill the hound!
Sif Muna accepts your kill.
A gnoll sergeant comes into view. It is wielding a +2 spear of venom.
MP[-1]
You lost 1 mp, and now have 11/15 mp.
The magic dart hits the gnoll sergeant.
The gnoll sergeant hits you from afar with a +2 spear of venom!
You are poisoned.
HP[-12] MP[-1]
You take 12 damage, and now have 34/46 hp.
MASSIVE DAMAGE!! (PAUSE)
You lost 1 mp, and now have 10/15 mp.
A gnoll sergeant is nearby!
Unknown command.
Casting: Magic Dart (safe; 1% risk of failure)
Confirm with . or Enter, or press ? or * to list all spells.
Aiming: Searing Ray (safe; 1% risk of failure)
Press: ? - help, Shift-Dir - straight line, p - gnoll sergeant The searing ray hits the gnoll sergeant! (Press . to maintain the ray.)
You feel very sick.
The gnoll sergeant hits you from afar with a +2 spear of venom.
You are lethally poisoned!
HP[-10] MP[-2]
You take 10 damage, and now have 24/46 hp.
MASSIVE DAMAGE!! (PAUSE)
You lost 2 mp, and now have 8/15 mp.
The searing ray hits the gnoll sergeant.
* * * LOW HITPOINT WARNING * * *
You feel extremely sick.
The gnoll sergeant hits you from afar with a +2 spear of venom!
* * * LOW HITPOINT WARNING * * *
You are more poisoned.
HP[-22]
You take 22 damage, and now have 2/46 hp.
MASSIVE DAMAGE!! (PAUSE)
The searing ray hits the gnoll sergeant.
You die...

Skill      XL: |  1  2  3  4  5  6  7  8 |
---------------+-------------------------+-----
Translocations | 1 2 3 4 |  4.0
Conjurations   | 5 6 7 8 |  8.7
Spellcasting   | 3 4 5 |  5.0
Dodging        | |  2.0
Stealth        | |  2.6

Action                   |  1- 3 |  4- 6 |  7- 9 || total
-------------------------+-------+-------+-------++-------
Melee: Whip              |     8 |     5 |     5 ||    18
       Tentacles         |     2 |     2 |     2 ||     6
       Constrict         |     1 |     1 |     1 ||     3
 Cast: Magic Dart        |    80 |    60 |    73 ||   213
       Searing Ray       |     1 |     6 |    10 ||    17
       Iskenderun's Myst |       |     1 |     5 ||     6
  Use: Scroll            |     4 |     5 |       ||     9
       Potion            |       |     1 |     1 ||     2
Armor: Skin              |     1 |       |       ||     1
Dodge: Dodged            |    19 |     8 |    23 ||    50

Levels and vault maps discovered:
D:1:      tarquinn_simple_flora_water_d, layout_basic,
          hellmonk_ecumenical_altar_lost_god
D:2:      layout_basic, serial_shops,
          nicolae_shop_temple_entry_statues_fountains
D:3:      layout_rooms, kennysheep_generic_room_13
D:4:      layout_loops_ring, grunt_temple_overflow_open,
          worldfamousw_hep_ancestral_shrine
D:5:      layout_cave_pools, lemuel_temple_firewalk_b, serial_gnoll_camp,
          gnoll_camp_huts_basic, grums_kennel, gnoll_camp_mini_house,
          gnoll_camp_mini_shop, gnoll_camp_mini_hut, uniq_menkaure, uniq_ijyb
Temple:   jpeg_temple_island

Notes
Turn   | Place    | Note
-------+----------+-------------------------------------------
     0 | D:1      | zeratav the Octopode Conjurer began the quest for the Orb.
     0 | D:1      | Reached XP level 1. HP: 11/11 MP: 3/3
     0 | D:1      | magus.rc [v1.9.6]
   302 | D:1      | Reached XP level 2. HP: 17/17 MP: 0/5
   375 | D:1      | Learned a level 2 spell: Searing Ray
   521 | D:1      | Found a faded altar of an unknown god.
   901 | D:1      | Reached skill level 1 in Translocations
  1003 | D:1      | Reached XP level 3. HP: 21/21 MP: 3/6
  1169 | D:2      | Found Joxaot's Weapon Shop.
  1417 | D:2      | You fall into a shaft and drop 2 floors!
  1542 | D:3      | Reached XP level 4. HP: 27/27 MP: 1/7
  1736 | D:3      | Identified the +5 falchion of the Endless Expanse {freeze,
                  | rElec Int-4 SInv}
  1850 | D:3      | Reached skill level 5 in Conjurations
  2445 | D:4      | Found a snail-covered altar of Cheibriados.
  2450 | D:4      | Reached XP level 5. HP: 31/31 MP: 4/9
  2457 | D:4      | Reached skill level 3 in Spellcasting
  2457 | D:4      | Reached skill level 2 in Translocations
  2528 | D:4      | Found an iron altar of Okawaru.
  2529 | D:4      | Found a broken altar of Ashenzari.
  2529 | D:4      | Found an ancient bone altar of Kikubaaqudgha.
  2531 | D:4      | Found a white marble altar of Elyvilon.
  2531 | D:4      | Found a hide-covered altar of Uskayaw.
  2532 | D:4      | Found a sacrificial altar of Ru.
  2906 | D:4      | Noticed a water moccasin
  2910 | D:4      | Killed a water moccasin
  2911 | D:4      | Reached XP level 6. HP: 36/36 MP: 4/11
  3072 | D:4      | Identified the +8 short sword "Kuakk" {venom, +Blink Will+
                  | Int+3}
  3098 | D:4      | Noticed a water moccasin
  3104 | D:4      | Killed a water moccasin
  3105 | D:4      | Reached skill level 6 in Conjurations
  3105 | D:4      | Reached skill level 3 in Translocations
  3263 | D:4      | Found a hazy altar of Hepliaklqana.
  3551 | D:5      | Entered Level 5 of the Dungeon
  3586 | D:5      | Noticed Menkaure
  3592 | D:5      | Learned a level 4 spell: Iskenderun's Mystic Blast
  3804 | D:5      | Reached XP level 7. HP: 41/41 MP: 7/12
  4366 | D:5      | Reached skill level 4 in Spellcasting
  4939 | D:5      | Killed Menkaure
  4940 | D:5      | Reached skill level 7 in Conjurations
  4979 | D:5      | You pick up a book of Misfortune and begin reading...
  4979 | D:5      | You add the spells Confusing Touch, Yara's Violent
                  | Unravelling and Enfeeble to your library.
  4988 | D:5      | You pick up a book of Spatial Translocations and begin
                  | reading...
  4988 | D:5      | You add the spells Blink, Lesser Beckoning and Manifold
                  | Assault to your library.
  5015 | D:4      | Reached skill level 4 in Translocations
  5215 | D:5      | Reached XP level 8. HP: 42/46 MP: 4/14
  5301 | D:5      | Noticed Ijyb
  5305 | D:5      | Learned a level 2 spell: Blink
  5308 | D:5      | Killed Ijyb
  5460 | D:5      | Noticed Grum
  5513 | D:5      | Found a staircase to the Ecumenical Temple.
  5522 | Temple   | Entered the Ecumenical Temple
  6032 | Temple   | Became a worshipper of Sif Muna the Loreminder
  6200 | D:5      | Reached skill level 8 in Conjurations
  6412 | D:5      | Reached skill level 5 in Spellcasting
  6655 | D:5      | HP: 2/46 [gnoll sergeant/+2 spear of venom (15)]
  6656 | D:5      | Succumbed to a gnoll sergeant's poison

Vanquished Creatures
  Menkaure (D:5)
  2 water moccasins (D:4)
  A black bear (D:5)
  2 scorpions
  2 gnoll sergeants (D:5)
  A jelly (D:5)
  10 hounds
  A gnoll shaman (D:5)
  Ijyb (D:5)
  12 gnolls
  6 adders
  An ufetubus (D:5)
  3 worms
  A dart slug (D:3)
  2 orcs
  6 endoplasms
  2 giant cockroaches (D:1)
  3 goblins
  7 hobgoblins
  5 jackals
  A quokka (D:4)
  5 ball pythons
  4 bats
  3 frilled lizards
  9 kobolds
  8 rats
99 creatures vanquished.

Table legend:
 A = Non-vault XP
 B = Vault XP
 C = Vault XP percentage of total XP
 D = Non-vault monster count
 E = Vault monster count
 F = Vault count percentage of total count
                 A         B        C        D         E       F
            +---------+---------+-------+---------+---------+-------
      Total |     956 |     884 |  48.0 |      74 |      25 |  25.3
            +---------+---------+-------+---------+---------+-------
        D:1 |      34 |       0 |   0.0 |      21 |       0 |   0.0
        D:2 |      36 |       0 |   0.0 |      16 |       0 |   0.0
        D:3 |      49 |       4 |   7.5 |      12 |       1 |   7.7
        D:4 |     464 |      26 |   5.3 |      17 |       1 |   5.6
        D:5 |     373 |     854 |  69.6 |       8 |      23 |  74.2
            +---------+---------+-------+---------+---------+-------

Illustrated notes

Table legend:
 A = Kills in this place as a percentage of kills in entire the game.
 B = Kills by you in this place as a percentage of kills by you in the entire game.
 C = Kills by friends in this place as a percentage of kills by friends in the entire game.
 D = Other kills in this place as a percentage of other kills in the entire game.
 E = Experience gained in this place as a percentage of experience gained in the entire game.
 F = Experience gained in this place divided by the number of levels of this place that you have seen.
                   A       B       C       D       E      F
               +-------+-------+-------+-------+-------+----------------------
         Total | 100.0 | 100.0 |   N/A |   N/A | 100.0 | 306.7
       Dungeon | 100.0 | 100.0 |   N/A |   N/A | 100.0 | 368.0
               +-------+-------+-------+-------+-------+----------------------

Table legend: (Time is in decaauts)
 A = Elapsed time spent in this place.
 B = Non-inter-level travel time spent in this place.
 C = Inter-level travel time spent in this place.
 D = Time resting spent in this place.
 E = Time spent auto-exploring this place.
 F = Levels seen in this place.
 G = Mean time per level.
                   A        B        C        D        E       F      G
               +--------+--------+--------+--------+--------+-----+--------+
         Total |   6662 |   6122 |    540 |   1972 |   3483 |   6 | 1110.3 |
       Dungeon |   6119 |   5658 |    461 |   1972 |   3025 |   5 | 1223.8 |
        Temple |    542 |    463 |     79 |      0 |    458 |   1 |  542.0 |
               +--------+--------+--------+--------+--------+-----+--------+

Top non-repeatable levels by time:
     D:4: 2689 daAuts
     D:5: 1182 daAuts
     D:1: 1053 daAuts
     D:3: 680 daAuts
  Temple: 542 daAuts
     D:2: 513 daAuts
